 Dungeon Crawl Stone Soup version 0.22-a0-567-gff9aefc (webtiles) character file.

253 Hebeh the Chopper (level 5, -3/47 HPs)
             Began as a Minotaur Fighter on June 29, 2018.
             Slain by Ijyb
             ... wielding a +9 club
              (7 damage)
             ... on level 3 of the Dungeon.
             The game lasted 00:07:03 (2036 turns).

Hebeh the Chopper (Minotaur Fighter)                Turns: 2036, Time: 00:07:04

Health: -3/47      AC:  8    Str: 22    XL:     5   Next: 90%
Magic:  4/4        EV:  7    Int:  5    God:
Gold:   123        SH:  9    Dex:  9    Spells: 4/4 levels left

rFire    . . .     SeeInvis .   a - +0 war axe
rCold    . . .     Gourm    .   c - +0 shield
rNeg     . . .     Faith    .   b - +0 scale mail
rPois    .         Spirit   .   (helmet restricted)
rElec    .         Reflect  .   g - +0 cloak
rCorr    .         Harm     .   (no gloves)
MR       .....                  (no boots)
Stlth    ..........             (no amulet)
HPRegen  0.15/turn              (no ring)
MPRegen  0.09/turn              (no ring)

@: no status effects
A: retaliatory headbutt, horns 2
a: no special abilities


You were on level 3 of the Dungeon.
You were not hungry.

You visited 1 branch of the dungeon, and saw 4 of its levels.

You collected 123 gold pieces.

Inventory:

Hand Weapons
 a - a +0 war axe (weapon)
 q - a +3 quarterstaff of chaos
Armour
 b - a +0 scale mail (worn)
 c - a +0 shield (worn)
 g - a +0 cloak (worn)
Jewellery
 m - an uncursed ring of positive energy {unknown}
Scrolls
 e - 11 scrolls of identify {unknown}
 h - 3 scrolls of teleportation {unknown}
 i - 2 scrolls of amnesia {unknown}
 n - 3 scrolls of remove curse {unknown}
 o - a scroll of noise {unknown}
 p - a scroll of enchant armour {unknown}
Potions
 d - 2 potions of might
 j - a potion of berserk rage {unknown}
 k - a potion of mutation {unknown}
 l - a potion of resistance {unknown}
Comestibles
 f - 5 rations
 r - 4 chunks of flesh


   Skills:
 + Level 4.8 Fighting
 * Level 5.1 Axes
 + Level 4.8 Armour
 + Level 4.8 Shields


You had 4 spell levels left.
You didn't know any spells.
Your spell library was empty.

Dungeon Overview and Level Annotations

Branches:
Dungeon (4/15)
 Temple: D:4-7

Altars:
Dithmenos
Yredelemnul
The Shining One

Annotations:
D:3 Ijyb


Innate Abilities, Weirdness & Mutations

You reflexively headbutt those who attack you in melee.
You have a pair of horns on your head.


Message History

You barely miss something. You headbutt something! Something hits you!
You barely miss something. You block something's attack.
You hit something. You block something's attack.
You closely miss something. Your headbutt misses something.
Something hits you but does no damage. x2
Your shield and scale mail prevent you from hitting something.
You block something's attack.
You hit something but do no damage. Your headbutt misses something.
Something hits you.
You hit something. You block something's attack.
You miss something. You headbutt something. Something hits you!
* * * LOW HITPOINT WARNING * * *
You completely miss something. Something hits you!
* * * LOW HITPOINT WARNING * * *
You closely miss something. Your headbutt misses something.
Something hits you but does no damage.
You closely miss something. Something hits you.
* * * LOW HITPOINT WARNING * * *
Something hits you!
You die...

.# #.####.###...#.#
#......# .# #.# #..#......#
#......# #######.#
##........# ###......#
........#
#........###........#
#######.#
#........##..##.....#
#.######.....(.#..........#
#.#........................
#.#.####..{....##..........
#.#..# #..@.......######...
#.##.###...).(.....#####<..
#.##..###.......##....##...
#.###...#.....#.#####.###.#
#.# ###...#.#.#.# #...<..
#.# #####.#.#.#####......
#.# #.#.#.........##. #.#
#.#.###....##.... #.#
###.........<..##..


There were no monsters in sight!

Vanquished Creatures
  An orc priest (D:3)
  Crazy Yiuf (D:3)
  A worker ant (D:3)
  3 gnolls (D:3)
  5 adders
  An ooze (D:2)
  3 dart slugs (D:1)
  2 leopard geckos
  4 orcs (D:3)
  3 giant cockroaches
  6 goblins
  9 hobgoblins
  11 jackals
  A quokka (D:3)
  10 bats
  6 frilled lizards
  9 kobolds
  7 rats
83 creatures vanquished.

Notes
Turn   | Place    | Note
-------+----------+-------------------------------------------
     0 | D:1      | Hebeh the Minotaur Fighter began the quest for the Orb.
     0 | D:1      | Reached XP level 1. HP: 19/19 MP: 0/0
    45 | D:1      | Reached XP level 2. HP: 21/27 MP: 1/1
   148 | D:1      | Reached skill level 3 in Axes
   256 | D:1      | Reached XP level 3. HP: 30/33 MP: 2/2
   760 | D:2      | Reached XP level 4. HP: 40/40 MP: 3/3
   821 | D:2      | Reached skill level 4 in Axes
  1191 | D:3      | Reached XP level 5. HP: 47/47 MP: 4/4
  1265 | D:3      | Found a shadowy altar of Dithmenos.
  1528 | D:3      | Found a basalt altar of Yredelemnul.
  1530 | D:3      | Noticed a profane servitor
  1535 | D:3      | Found a glowing golden altar of the Shining One.
  1537 | D:3      | Noticed an angel
  1677 | D:3      | Found a runed door.
  1827 | D:3      | Noticed Crazy Yiuf
  1832 | D:3      | Killed Crazy Yiuf
  1832 | D:3      | Reached skill level 5 in Axes
  1900 | D:4      | Noticed Ijyb
  2036 | D:3      | Slain by Ijyb

Vault maps used:
D:1:      mrwooster_arrival_statue, minivault_26
D:2:      minmay_misc_feat_tiny
D:3:      grunt_temple_overflow_holy_war, lemuel_tele_altar,
          uniq_crazy_yiuf_cottage
D:4:      kennysheep_goblin_castle, lemuel_angel_altar, uniq_robin, uniq_ijyb

Skill      XL: |  1  2  3  4  5 |
---------------+----------------+-----
Axes           | 3 4 5 |  5.1
Armour         | 4 |  4.8
Shields        | 4 |  4.8
Fighting       | 4 |  4.8

Action                   |  1- 3 |  4- 6 || total
-------------------------+-------+-------++-------
Melee: War axe           |   109 |   100 ||   209
       Headbutt          |     9 |    16 ||    25
  Eat: Chunk             |       |     4 ||     4
Armor: Scale mail        |    60 |    51 ||   111
       Skin              |       |     1 ||     1
Dodge: Dodged            |    39 |    28 ||    67
Block: Shield            |    60 |    56 ||   116

Table legend:
 A = Spawn XP
 B = Non-spawn XP
 C = Spawn XP percentage of total XP
 D = Spawn monster count
 E = Non-spawn monster count
 F = Spawn count percentage of total count
 G = Total turns spent on level
                    A         B        C        D         E        F      G
               +---------+---------+-------+---------+---------+-------+---------
         Total |       0 |     362 |   0.0 |       0 |      83 |   0.0 |  2036
               +---------+---------+-------+---------+---------+-------+---------
           D:1 |       0 |      63 |   0.0 |       0 |      34 |   0.0 |   617
           D:2 |       0 |      75 |   0.0 |       0 |      27 |   0.0 |   511
           D:3 |       0 |     224 |   0.0 |       0 |      22 |   0.0 |   902
               +---------+---------+-------+---------+---------+-------+---------
